3314 views
Uploaded 2020-04-23 16:32:36
Game version 1.32.3
20:45 long 1on1 custom game on (2)EchoIsles
Game name "W3Champions-10-dSNmjihv96"
Saved by NeverQuit
3314 views
Uploaded 2020-04-23 16:32:36
Game version 1.32.3
20:45 long 1on1 custom game on (2)EchoIsles
Game name "W3Champions-10-dSNmjihv96"

39 units @ 4.8k
/ 0.7k
29 buildings @ 3.8k
/ 2.1k

| Healing Salve | 6 | 600 |
| Lesser Clarity Potion | 12 | 840 |
| Orb of Lightning | 1 | 375 |
| Potion of Mana | 1 | 200 |
| Tiny Great Hall | 1 | 600 |
| Dust of Appearance | 1 | 75 |
| Boots of Speed | 1 | 250 |
| Staff of Teleportation | 1 | 150 |
| Potion of Lesser Invulnerability | 3 | 450 |
| total: | 27 | 3540g |
| Peon | 22 | 1650 | / | 0 |
| Wind Rider | 4 | 1060 | / | 160 |
| Troll Batrider | 13 | 2080 | / | 520 |
| total: | 39 | 4790g | / | 680w |
| Watch Tower | 16 | 1760 | / | 1280 |
| Altar of Storms | 2 | 360 | / | 100 |
| Orc Burrow | 4 | 640 | / | 160 |
| Voodoo Lounge | 2 | 260 | / | 60 |
| War Mill | 1 | 205 | / | 0 |
| Barracks | 1 | 180 | / | 50 |
| Beastiary | 3 | 435 | / | 420 |
| Stronghold | 2 | 630 | / | 380 |
| Fortress | 2 | 650 | / | 380 |
| total: | 29 | 3840g | / | 2070w |
| 0:02 | Peon |
| 0:02 | Peon |
| 0:06 | Altar of Storms |
| 0:08 | Altar of Storms |
| 0:17 | Orc Burrow |
| 0:21 | Peon |
| 0:21 | Peon |
| 0:21 | Peon |
| 0:34 | Peon |
| 0:34 | Peon |
| 1:03 | Voodoo Lounge |
| 1:06 | Peon |
| 1:06 | Peon |
| 1:38 | War Mill |
| 1:40 | Peon |
| 1:40 | Peon |
| 1:43 | Peon |
| 1:43 | Peon |
| 1:57 | Orc Burrow |
| 1:58 | Peon |
| 1:59 | Peon |
| 2:06 | Healing Salve |
| 2:06 | Lesser Clarity Potion |
| 2:06 | Lesser Clarity Potion |
| 2:08 | Wind Walk |
| 2:36 | Stronghold |
| 2:50 | Watch Tower |
| 3:15 | Watch Tower |
| 3:57 | Boots of Speed |
| 3:57 | Staff of Teleportation |
| 3:58 | Dust of Appearance |
| 4:03 | Watch Tower |
| 4:59 | Beastiary |
| 5:00 | Beastiary |
| 5:01 | Fortress |
| 5:46 | Orc Burrow |
| 5:56 | Lesser Clarity Potion |
| 5:57 | Healing Salve |
| 6:00 | Lesser Clarity Potion |
| 6:03 | Wind Rider |
| 6:20 | Reinforced Defenses |
| 6:35 | Wind Rider |
| 6:36 | Wind Rider |
| 7:25 | Peon |
| 7:25 | Peon |
| 7:37 | Peon |
| 7:45 | Barracks |
| 8:26 | Voodoo Lounge |
| 8:29 | Orc Burrow |
| 8:37 | Critical Strike |
| 9:03 | Steel Ranged Weapons |
| 9:24 | Envenomed Spears |
| 9:33 | Beastiary |
| 9:50 | Liquid Fire |
| 9:50 | Troll Batrider |
| 10:08 | Lesser Clarity Potion |
| 10:10 | Orb of Lightning |
| 10:15 | Troll Batrider |
| 10:15 | Troll Batrider |
| 10:25 | Healing Salve |
| 10:51 | Troll Batrider |
| 10:51 | Troll Batrider |
| 10:54 | Wind Walk |
| 11:16 | Troll Batrider |
| 11:16 | Troll Batrider |
| 12:12 | Lesser Clarity Potion |
| 12:12 | Lesser Clarity Potion |
| 12:16 | Troll Batrider |
| 12:21 | Thorium Ranged Weapons |
| 12:31 | Healing Salve |
| 12:39 | Troll Batrider |
| 12:39 | Troll Batrider |
| 13:38 | Watch Tower |
| 13:39 | Watch Tower |
| 13:39 | Watch Tower |
| 13:39 | Watch Tower |
| 13:42 | Peon |
| 13:42 | Peon |
| 13:45 | Critical Strike |
| 14:44 | Wind Rider |
| 14:46 | Arcanite Ranged Weapons |
| 14:47 | Steel Armor |
| 14:53 | Lesser Clarity Potion |
| 14:53 | Lesser Clarity Potion |
| 14:54 | Healing Salve |
| 15:05 | Healing Salve |
| 15:28 | Watch Tower |
| 15:28 | Watch Tower |
| 15:41 | Potion of Lesser Invulnerability |
| 16:17 | Watch Tower |
| 16:17 | Watch Tower |
| 16:35 | Wind Walk |
| 17:19 | Troll Batrider |
| 17:26 | Bladestorm |
| 17:32 | Troll Batrider |
| 17:54 | Watch Tower |
| 17:54 | Watch Tower |
| 18:19 | Watch Tower |
| 18:20 | Watch Tower |
| 18:21 | Watch Tower |
| 18:22 | Peon |
| 18:22 | Peon |
| 18:28 | Lesser Clarity Potion |
| 18:28 | Lesser Clarity Potion |
| 18:49 | Potion of Mana |
| 19:13 | Potion of Lesser Invulnerability |
| 19:13 | Potion of Lesser Invulnerability |
| 19:50 | Troll Batrider |
| 20:40 | Lesser Clarity Potion |
| 20:42 | Tiny Great Hall |
| Right click | 2162 |
| Select group | 1097 |
| Select | 269 |
| Build/train/purchase | 186 |
| Chat | 59 |
| Use ability | 39 |
| Assign group | 35 |
| Misc. action | 7 |
| Item give/drop | 7 |
| Esc | 2 |
| Remove unit | 1 |
54 units @ 6k
/ 0.4k
22 buildings @ 4.3k
/ 2k


| Scroll of Healing | 2 | 500 |
| Dust of Appearance | 2 | 150 |
| Staff of Teleportation | 1 | 150 |
| total: | 5 | 800g |
| Wisp | 22 | 1320 | / | 0 |
| Archer | 24 | 3120 | / | 240 |
| Huntress | 7 | 1365 | / | 140 |
| Forest Troll Berserker | 1 | 245 | / | 30 |
| total: | 54 | 6050g | / | 410w |
| Ancient Protector | 7 | 945 | / | 560 |
| Altar of Elders | 1 | 180 | / | 50 |
| Moon Well | 5 | 900 | / | 200 |
| Ancient of War | 2 | 300 | / | 120 |
| Hunter's Hall | 1 | 210 | / | 100 |
| Tree of Life | 5 | 1700 | / | 925 |
| Ancient of Wonders | 1 | 90 | / | 30 |
| Tree of Ages | 2 | 640 | / | 360 |
| total: | 22 | 4325g | / | 1985w |
| 0:02 | Wisp |
| 0:03 | Altar of Elders |
| 0:06 | Moon Well |
| 0:08 | Wisp |
| 0:13 | Wisp |
| 0:21 | Ancient of War |
| 0:24 | Wisp |
| 0:24 | Wisp |
| 0:36 | Wisp |
| 0:45 | Wisp |
| 0:50 | Wisp |
| 0:57 | Wisp |
| 1:06 | Wisp |
| 1:23 | Archer |
| 1:24 | Wisp |
| 1:46 | Wisp |
| 1:47 | Moon Well |
| 2:01 | Force of Nature |
| 2:02 | Force of Nature |
| 2:30 | Wisp |
| 2:31 | Hunter's Hall |
| 2:48 | Wisp |
| 2:54 | Entangling Roots |
| 3:10 | Tree of Ages |
| 3:34 | Huntress |
| 3:49 | Huntress |
| 3:54 | Ancient Protector |
| 4:00 | Sentinel |
| 4:16 | Huntress |
| 4:19 | Moon Well |
| 4:36 | Huntress |
| 4:54 | Huntress |
| 5:26 | Huntress |
| 5:45 | Tree of Life |
| 6:06 | Acid Bomb |
| 6:13 | Ancient of War |
| 6:44 | Archer |
| 6:53 | Archer |
| 6:55 | Moon Well |
| 7:19 | Archer |
| 7:44 | Ancient Protector |
| 8:08 | Archer |
| 8:34 | Archer |
| 8:40 | Wisp |
| 9:20 | Improved Bows |
| 9:20 | Archer |
| 9:31 | Wisp |
| 9:36 | Wisp |
| 9:38 | Ancient Protector |
| 9:43 | Wisp |
| 9:44 | Ancient of Wonders |
| 9:45 | Archer |
| 10:10 | Forest Troll Berserker |
| 10:14 | Wisp |
| 10:36 | Moon Well |
| 11:00 | Force of Nature |
| 11:00 | Force of Nature |
| 11:12 | Wisp |
| 11:23 | Wisp |
| 11:33 | Tree of Life |
| 11:48 | Wisp |
| 11:49 | Archer |
| 11:57 | Scroll of Healing |
| 11:57 | Dust of Appearance |
| 12:03 | Scroll of Healing |
| 12:14 | Nature's Blessing |
| 12:32 | Archer |
| 12:40 | Healing Spray |
| 12:40 | Healing Spray |
| 12:44 | Archer |
| 13:05 | Archer |
| 13:55 | Archer |
| 14:15 | Archer |
| 14:29 | Staff of Teleportation |
| 14:36 | Dust of Appearance |
| 14:46 | Ancient Protector |
| 15:03 | Huntress |
| 15:28 | Archer |
| 15:56 | Archer |
| 16:13 | Archer |
| 16:34 | Entangling Roots |
| 16:39 | Archer |
| 17:05 | Archer |
| 17:13 | Chemical Rage |
| 17:28 | Archer |
| 18:13 | Tree of Life |
| 18:34 | Ancient Protector |
| 18:36 | Ancient Protector |
| 18:54 | Archer |
| 19:09 | Archer |
| 19:42 | Tree of Life |
| 19:58 | Ancient Protector |
| 20:05 | Archer |
| 20:07 | Archer |
| 20:26 | Tree of Life |
| Select group | 1233 |
| Right click | 736 |
| Misc. action | 691 |
| Select | 635 |
| Build/train/purchase | 120 |
| Assign group | 81 |
| Use ability | 76 |
| Chat | 23 |
| Esc | 13 |